 Dungeon Crawl Stone Soup version 0.28-a0-199-g298df9dbad (webtiles) character file.

Game seed: 17817049306384826011

179 theanonym the Skirmisher (level 5, -6/41 HPs)
             Began as a Mummy Brigand on Aug 19, 2021.
             Mangled by an ogre (13 damage)
             ... on level 3 of the Dungeon.
             The game lasted 00:03:34 (3573 turns).

theanonym the Skirmisher (Mummy Brigand)            Turns: 3573, Time: 00:03:35

Health: -6/41      AC: 12    Str: 16    XL:     5   Next: 33%
Magic:  5/5        EV:  4    Int: 10    God:
Gold:   160        SH:  0    Dex: 13    Spells: 4/4 levels left

rFire   x . .      SeeInvis .   a - +3 dagger (venom)
rCold   + . .      Faith    .   (no shield)
rNeg    + + +      Spirit   .   l - +0 plate armour
rPois   ∞          Reflect  .   (no helmet)
rElec   .          Harm     .   c - +0 cloak
rCorr   .          Rampage  .   (no gloves)
Will    .....                   k - +0 pair of boots
Stlth   ..........              (no amulet)
HPRegen 0.13/turn               (no ring)
MPRegen 0.09/turn               (no ring)

@: no status effects
A: cold resistance 1, negative energy resistance 3, torment resistance 2, heat
vulnerability 1, no potions
a: no special abilities


Innate Abilities, Weirdness & Mutations

You are immune to poison.
Your flesh is cold resistant. (rC+)
You are immune to negative energy. (rN+++)
You are immune to unholy pain and torment.
You are vulnerable to heat. (rF-)
You do not drink.


   Skills:
 + Level 3.5 Fighting
 - Level 3.0(3.4) Short Blades
 * Level 2.1(3.0) Long Blades
 - Level 1.5 Throwing
 - Level 0.7 Dodging
 - Level 3.2 Stealth


You had 4 spell levels left.
You didn't know any spells.
Your spell library was empty.

Skill      XL: |  1  2  3  4  5 |
---------------+----------------+-----
Short Blades   | 2 3 |  3.0
Fighting       | 3 |  3.5
Long Blades    | 1 2 |  2.1
Throwing       | |  1.5
Dodging        | |  0.7
Stealth        | |  3.2

Action                   |  1- 3 |  4- 6 || total
-------------------------+-------+-------++-------
Melee: Dagger            |   146 |    32 ||   178
Throw: Dart              |     2 |     1 ||     3
  Use: Scroll            |       |     1 ||     1
 Stab: Sleeping          |     5 |       ||     5
Armor: Robe              |    16 |       ||    16
       Plate armour      |    31 |    20 ||    51
       Ring mail         |    11 |       ||    11
Dodge: Dodged            |    64 |     7 ||    71

Inventory:

Hand Weapons
 a - a +3 dagger of venom (weapon)
 j - a +0 falchion
Missiles
 b - 6 atropa-tipped darts
 d - 35 poisoned darts (quivered)
 e - 2 curare-tipped darts
 i - a throwing net
Armour
 c - a +0 cloak (worn)
 k - a +0 pair of boots (worn)
 l - a +0 plate armour (worn)
 n - a +2 pair of boots
Scrolls
 g - 3 scrolls of teleportation {unknown}
 h - a scroll of identify {unknown}
 m - 3 scrolls of amnesia {unknown}


You were on level 3 of the Dungeon.
You visited 1 branch of the dungeon, and saw 4 of its levels.

You collected 160 gold pieces.

Dungeon Overview and Level Annotations

Branches:
Dungeon (4/15)
 Temple: D:4-7

Altars:
Cheibriados

#### #.# #)# #.#
#.# #.# #.#
#####.###.#####.#
###.........o...#.#
#...........###.#.#
#...........# #o#.#
#...........# #J#.#
#...........# #O#.#
#...........# #@#.#
#...........# #g#.#
#...........# #K#.#
##.......(.(.#
#.#.#
.............#
#.#<#
##...........#
#.###
##...........# #.#
##...........# #.#
############># #.#


You could see an ogre (ally target), an orc priest, a friendly endoplasm
(summoned), a friendly goblin (summoned) and a friendly kobold (summoned).

Notes
Turn   | Place    | Note
-------+----------+-------------------------------------------
     0 | D:1      | theanonym the Mummy Brigand began the quest for the Orb.
     0 | D:1      | Reached XP level 1. HP: 16/16 MP: 1/1
   172 | D:1      | Reached skill level 2 in Short Blades
   297 | D:1      | Reached XP level 2. HP: 20/22 MP: 2/2
  1413 | D:2      | Reached XP level 3. HP: 25/28 MP: 3/3
  1779 | D:3      | Found a snail-covered altar of Cheibriados.
  2175 | D:3      | Reached skill level 3 in Short Blades
  2759 | D:4      | Reached skill level 3 in Fighting
  2759 | D:4      | Reached skill level 1 in Long Blades
  2759 | D:4      | Reached XP level 4. HP: 27/35 MP: 4/4
  2864 | D:4      | Noticed a scorpion
  2872 | D:4      | Killed a scorpion
  2873 | D:4      | Reached XP level 5. HP: 41/41 MP: 5/5
  2999 | D:4      | Identified the +3 plate armour of the Blizzard {*Corrode
                  | +Blink rPois Dex-3}
  3032 | D:4      | Reached skill level 2 in Long Blades
  3396 | D:4      | Noticed an ogre
  3552 | D:3      | HP: 14/41 [ogre (16)]
  3572 | D:3      | HP: 7/41 [orc priest/divine providence (9)]
  3573 | D:3      | Mangled by an ogre

Vanquished Creatures
  A scorpion (D:4)
  A hound (D:4)
  2 adders
  An adder skeleton (D:4)
  A worm (D:1)
  2 dart slugs
  8 orcs
  4 ball pythons
  2 endoplasms
  2 giant cockroaches
  3 goblins
  2 hobgoblins
  3 jackals (D:2)
  3 quokkas
  6 bats
  2 frilled lizards (D:2)
  8 kobolds
  3 rats
54 creatures vanquished.

Table legend: (Time is in decaauts)
 A = Elapsed time spent in this place.
 B = Non-inter-level travel time spent in this place.
 C = Inter-level travel time spent in this place.
 D = Time resting spent in this place.
 E = Time spent auto-exploring this place.
 F = Levels seen in this place.
 G = Mean time per level.
                   A        B        C        D        E       F      G
               +--------+--------+--------+--------+--------+-----+--------+
         Total |   3552 |   3347 |    205 |    452 |   2472 |   4 |  888.0 |
       Dungeon |   3552 |   3347 |    205 |    452 |   2472 |   4 |  888.0 |
               +--------+--------+--------+--------+--------+-----+--------+

Top non-repeatable levels by time:
     D:3: 1040 daAuts
     D:2: 971 daAuts
     D:4: 785 daAuts
     D:1: 756 daAuts
